 Dungeon Crawl Stone Soup version 0.21.0-26-g889b8f6 (webtiles) character file.

427 wojtek the Purveyor of Pain (level 6, -18/41 HPs)
             Began as a Demonspawn Necromancer on Jan 27, 2018.
             Was an Initiate of Kikubaaqudgha.
             Demolished by a two-headed ogre
             ... wielding a cursed -1 giant spiked club
              (22 damage)
             ... on level 5 of the Dungeon.
             The game lasted 00:10:46 (5627 turns).

wojtek the Purveyor of Pain (DsNe)                  Turns: 5627, Time: 00:10:47

Health: -18/41     AC:  2    Str:  9    XL:     6   Next: 65%
Magic:  11/11      EV: 12    Int: 18    God:    Kikubaaqudgha [......]
Gold:   208        SH:  0    Dex: 13    Spells: 7/12 levels left

rFire    . . .     SeeInvis .   d - +0 whip
rCold    . . .     Gourm    .   (no shield)
rNeg     . . .     Faith    .   a - +0 robe
rPois    .         Spirit   .   (no helmet)
rElec    .         Reflect  .   (no cloak)
rCorr    .         Harm     .   (no gloves)
MR       .....                  (no boots)
Stlth    ++........             l - amulet of magic regeneration
HPRegen  0.13/turn              i - ring of flight
MPRegen  0.37/turn              (no ring)

@: very slightly contaminated
A: demonic guardian 1
a: Renounce Religion, Evoke Flight


You were on level 5 of the Dungeon.
You worshipped Kikubaaqudgha.
Kikubaaqudgha was noncommittal.
You were not hungry.

You visited 1 branch of the dungeon, and saw 6 of its levels.

You collected 208 gold pieces.

Inventory:

Hand Weapons
 d - a +0 whip (weapon)
 h - a +0 dagger
Armour
 a - a +0 robe (worn)
Jewellery
 i - a ring of flight (left hand)
 l - an amulet of magic regeneration (around neck)
Scrolls
 k - 4 scrolls of amnesia {unknown}
 m - 2 scrolls of teleportation {unknown}
 n - a scroll of immolation {unknown}
 p - a scroll of fog {unknown}
 q - 5 scrolls of remove curse {unknown}
 s - a scroll of enchant armour {unknown}
 t - a scroll of magic mapping {unknown}
Potions
 e - a potion of ambrosia {unknown}
 g - a potion of curing
 j - a potion of heal wounds {unknown}
 r - a potion of invisibility {unknown}
 u - a potion of flight {unknown}
 v - a potion of haste {unknown}
Books
 b - a book of Necromancy

   Spells                             Type                      Level
   a - Pain                           Necromancy                   1
   b - Animate Skeleton               Necromancy                   1
   c - Vampiric Draining              Necromancy                   3
   d - Regeneration                   Charms/Necromancy            3
   e - Animate Dead                   Necromancy                   4
   f - Borgnjor's Vile Clutch         Necromancy/Earth             5
 o - a book of the Earth

   Spells                             Type                      Level
   a - Leda's Liquefaction            Hexes/Earth                  4
   b - Bolt of Magma                  Conjuration/Fire/Earth       5
   c - Statue Form                    Transmutation/Earth          6
   d - Iron Shot                      Conjuration/Earth            6
   e - Shatter                        Earth                        9
Comestibles
 c - 3 rations
 w - a chunk of flesh


   Skills:
 - Level 1.7 Dodging
 - Level 1.7 Stealth
 + Level 3.6 Spellcasting
 + Level 8.0 Necromancy


You had 7 spell levels left.
You knew the following spells:

 Your Spells              Type           Power        Failure   Level  Hunger
a - Pain                  Necr           ####         1%          1    None
b - Animate Dead          Necr           N/A          5%          4    ####...


Dungeon Overview and Level Annotations

Branches:
Dungeon (6/15)
 Temple: D:4-7

Altars:
Dithmenos
Elyvilon
Hepliaklqana
Kikubaaqudgha
Makhleb
Okawaru
Xom

Annotations:
D:3 exclusion: 2 doors
D:4 Eustachio, Robin
D:5 exclusion: upstairs
D:6 Prince Ribbit


Innate Abilities, Weirdness & Mutations

A weak demonic guardian rushes to your aid.


Message History

Something closely misses your quasit.
Your quasit bites the hobgoblin but does no damage.
Your quasit claws the hobgoblin.
Your quasit barely misses the hobgoblin.
A worker ant comes into view.
The adder bites your iron imp but does no damage.
Your iron imp completely misses the adder.
Your iron imp hits the adder.
There is a stone staircase leading down here.
The adder barely misses you. The goblin hits you with a club.
* * * LOW HITPOINT WARNING * * *
The adder misses you. The worker ant bites you.
* * * LOW HITPOINT WARNING * * *
You climb downwards.
Your summoned ally is left behind.
Level annotation: exclusion: upstairs The two-headed ogre closely misses you.
The two-headed ogre hits you with a giant club!!
Ouch! That really hurt!
You die...
Kikubaaqudgha rasps: "You have failed me!
Welcome... death!"

#.# #.# #.#
#.#######
#.......##
#.##<....##
#.#.......#
########.#.....>..
#@S5..<..#.......#
#O######.##.....##
#g# #..##...## #.#
##.####### #.#
#.......# #5#
#######.# #># #.#
#.# #####.## #.#
#.(.....


You could see a two-headed ogre, an adder, a shadow imp, a goblin and a friendly
ufetubus.

Vanquished Creatures
  2 hounds (D:5)
  An iguana (D:5)
  A worker ant (D:4)
  4 adders
  A gnoll (D:5)
  2 worms (D:2)
  2 dart slugs
  A leopard gecko (D:1)
  6 orcs
  2 bats (D:1)
  A giant cockroach (D:3)
  5 goblins
  7 hobgoblins
  7 jackals
  A quokka (D:3)
  2 ball pythons
  5 frilled lizards
  15 kobolds
  4 rats
69 creatures vanquished.

Vanquished Creatures (collateral kills)
  Edmund (D:4)
  An ogre (D:5)
  A howler monkey (D:4)
  2 gnolls (D:5)
  2 jackals (D:5)
7 creatures vanquished.

Grand Total: 76 creatures vanquished

Notes
Turn   | Place    | Note
-------+----------+-------------------------------------------
     0 | D:1      | wojtek the Demonspawn Necromancer began the quest for the Orb.
     0 | D:1      | Reached XP level 1. HP: 13/13 MP: 3/3
   101 | D:1      | Found a shimmering altar of Xom.
   163 | D:1      | Gained mutation: A weak demonic guardian rushes to your aid. [demonic ancestry]
   163 | D:1      | Reached XP level 2. HP: 3/19 MP: 1/5
   580 | D:1      | Reached skill level 5 in Necromancy
  1430 | D:2      | Found an iron altar of Okawaru.
  1887 | D:2      | Reached XP level 3. HP: 20/24 MP: 2/6
  3050 | D:2      | Found a burning altar of Makhleb.
  3090 | D:3      | Reached skill level 6 in Necromancy
  3218 | D:3      | Reached XP level 4. HP: 28/30 MP: 4/7
  4052 | D:4      | Reached skill level 7 in Necromancy
  4052 | D:4      | Reached XP level 5. HP: 32/35 MP: 5/8
  4088 | D:4      | Found a shadowy altar of Dithmenos.
  4139 | D:4      | Noticed a phantom
  4197 | D:4      | Noticed Edmund
  4215 | D:4      | Killed Edmund
  4937 | D:5      | Entered Level 5 of the Dungeon
  4944 | D:4      | Noticed Eustachio
  4982 | D:5      | Reached XP level 6. HP: 36/41 MP: 5/10
  5329 | D:5      | Found a hazy altar of Hepliaklqana.
  5341 | D:5      | Found an ancient bone altar of Kikubaaqudgha.
  5346 | D:5      | Reached skill level 8 in Necromancy
  5351 | D:5      | Became a worshipper of Kikubaaqudgha
  5401 | D:5      | Found a white marble altar of Elyvilon.
  5513 | D:5      | Learned a level 4 spell: Animate Dead
  5566 | D:5      | Noticed a two-headed ogre
  5595 | D:6      | Noticed Prince Ribbit
  5595 | D:6      | Noticed an orc warrior
  5611 | D:4      | Noticed Robin
  5627 | D:5      | Demolished by a two-headed ogre

Skill      XL: |  1  2  3  4  5  6 |
---------------+-------------------+-----
Necromancy     | 5 6 7 8 |  8.0
Spellcasting   | 3 |  3.6
Dodging        | |  1.7
Stealth        | |  1.7

Action                   |  1- 3 |  4- 6 || total
-------------------------+-------+-------++-------
Melee: Whip              |    29 |    13 ||    42
 Cast: Pain              |    79 |    80 ||   159
  Use: Scroll            |       |     1 ||     1
 Stab: Sleeping          |     1 |     1 ||     2
  Eat: Chunk             |     8 |     5 ||    13
       Ration            |       |     1 ||     1
Armor: Robe              |     5 |     6 ||    11
Dodge: Dodged            |    27 |    31 ||    58
